[Event "*** Titled Tuesday 3|2 Blitz"]
[Site "Chess.com"]
[Date "2015.02.24"]
[Round "3"]
[White "Hikaru"]
[Black "chito89"]
[Result "1/2-1/2"]
[WhiteElo "2847"]
[BlackElo "2593"]
[TimeControl "180+2"]
[EndTime "11:34:37 PST"]
[Termination "Game drawn by stalemate"]

1. d3 d5 2. Nd2 e5 3. c4 d4 4.
Ngf3 Nc6 5. g3 a5 6. Bg2 g6 7. O-O Bg7 8. a3 Nge7 9. Rb1 a4 10. Ne4 b6 11. Bg5 h6 12. Bf6 O-O 13. e3 Bxf6 14. Nxf6+ Kg7 15. Nd5 Ra5 16. Nxe7 Qxe7 17. exd4 Nxd4 18.
Nxd4 exd4 19. Re1 Qf6 20. Qd2 Bf5 21. h3 h5 22. f4 Qd6 23. Re2 Rc5 24. b4 axb3 25.
Rxb3 Ra5 26. Qb4 Qxb4 27. axb4 Ra1+ 28. Kf2 Rd1 29. Re7 Rd2+ 30. Kg1 Bxd3 31. c5 Bc4 32.
Rb1 bxc5 33. bxc5 d3 34. Rxc7 Rd8 35. c6 Be6 36. Ra7 Rc2 37. Rd1 d2 38. Kf2 Rc1 39. Bf3 Bb3 40. c7 Rc8 41. Rxd2 R1xc7 42. Rxc7 Rxc7 43.
f5 Rc2 44. Rxc2 Bxc2 45. fxg6 fxg6 46. Ke3 Kf6 47. Be4 Bb3 48. h4 Be6 49. Kd4 g5 50. Bf3 gxh4 51. gxh4 Bg4 52. Be4 Bf5 53. Bd5 Bg4 54. Bc6 Kg6 55. Ke5 Kh6 56. Be8 Bd1 57.
Kf6 Bg4 58. Ba4 Be2 59. Bc2 Bg4 60. Bf5 Bxf5 61. Kxf5 Kg7 62. Kg5 Kh7 63. Kxh5 Kg7 64. Kg5 Kh7 65. h5 Kg7 66. h6+ Kh7 67. Kh5 Kh8 68.
Kg6 Kg8 69. h7+ Kh8 70. Kh6 1/2-1/2

[Event "*** Titled Tuesday 3|2 Blitz"]
[Site "Chess.com"]
[Date "2015.02.24"]
[Round "3"]
[White "ChessTrener"]
[Black "Chesseducation4u"]
[Result "0-1"]
[WhiteElo "2485"]
[BlackElo "2232"]
[TimeControl "180+2"]
[EndTime "11:34:43 PST"]
[Termination "Chesseducation4u won by resignation"]

1. e4 e6 2. d4 d5 3. Nc3 Nc6 4.
Nf3 Nf6 5. e5 Ne4 6. Ne2 f6 7.
Ng3 f5 8. c3 Nb8 9. Bd3 c5 10. a3 Nc6 11. O-O c4 12. Bc2 Be7 13. Nh5 O-O 14. Ne1 Ng5 15. b4 cxb3 16. Bxb3 Na5 17.
Ba2 b6 18. Nf4 Qd7 19. Ned3 Ba6 20. Re1 Rac8 21. Bd2 Bc4 22. h4 Ne4 23. Nb4 Bxh4 24. g3 Bg5 25. Kg2 Bxa2 26. Rxa2 Nc4 27. Rxe4 fxe4 28.
Bc1 Bh6 29. Qg4 Bxf4 30. Bxf4 Qf7 31. Nc2 Qf5 32. Qh4 h6 33. Ne3 Nxe3+ 34. Bxe3 Rxc3 35. Rd2 Qf3+ 36. Kh2 Rc1 0-1

[Event "*** Titled Tuesday 3|2 Blitz"]
[Site "Chess.com"]
[Date "2015.02.24"]
[Round "3"]
[White "FlySooHigh"]
[Black "AkshatChandra"]
[Result "0-1"]
[WhiteElo "2342"]
[BlackElo "2380"]
[TimeControl "180+2"]
[EndTime "11:34:45 PST"]
[Termination "AkshatChandra won by resignation"]

1. e4 c5 2. Nf3 d6 3. Nc3 Nc6 4. g3 g6 5. Bg2 Bg7 6. O-O e5 7. d3 Nge7 8. Bg5 h6 9. Be3 O-O 10. Qd2 Kh7 11. Ne1 f5 12. f4 exf4 13. gxf4 Be6 14.
Nd1 b6 15. c4 Qd7 16. Nc3 Rae8 17. b3 Nd4 18. Rd1 Ng8 19. Nd5 Bxd5 20. cxd5 Nf6 21. Bxd4 cxd4 22. Qc2 Ng4 23. Qb1 Ne3 24. Rd2 Nxf1 25. Bxf1 fxe4 26. dxe4 Rxf4 27. Rg2 Rg4 28. Bd3 Be5 29. Qd1 Rxg2+ 30. Kxg2 Rf8 31. h3 Qf7 32. Nf3 Qf4 33. Nxe5 Qf2+ 34. Kh1 dxe5 35. Be2 h5 36. a3 Qe3 37. Qc2 Qxh3+ 38. Kg1 Qg3+ 39. Kh1 Qe1+ 40.
Kg2 Rf2+ 0-1

[Event "*** Titled Tuesday 3|2 Blitz"]
[Site "Chess.com"]
[Date "2015.02.24"]
[Round "3"]
[White "190l"]
[Black "kinetix"]
[Result "1-0"]
[WhiteElo "1974"]
[BlackElo "1364"]
[TimeControl "180+2"]
[EndTime "11:34:49 PST"]
[Termination "190l won by resignation"]

1. d4 d6 2. e4 e5 3. Nf3 Nd7 4.
Nc3 g6 5. Bc4 h6 6. Bb3 Bg7 7.
O-O c6 8. a4 Ngf6 9. h3 O-O 10.
Be3 Qc7 11. Qd2 Kh7 12. Rfd1 b6 13. Qd3 Bb7 14. Ne2 Rae8 15. Ng3 exd4 16. Bxd4 Nc5 17. Bxc5 dxc5 18. Qd6 Re7 19. Qxc7 Rxc7 20. Rd6 Ne8 21. Rd8 Bxb2 22. Rad1 Bg7 23. c4 Nf6 24. e5 Rxd8 25. Rxd8 Nd7 26. Re8 Nf8 27. h4 Ne6 28. h5 Nd4 29.
hxg6+ Kxg6 30. Nxd4 cxd4 31. Bc2+ Kg5 32. Nf5 Bxe5 33. Rxe5 Kf6 34. f4 c5 35. Nxh6 Ba6 36. Bd3 Rc8 37. g4 Rh8 38. g5+ Kg7 39. f5 f6 40.
Re7+ Kf8 41. Rf7+ Ke8 42. Rxf6 Bc8 43. Rc6 Bd7 44. Rc7 Bxa4 45. Rc8+ 1-0

[Event "*** Titled Tuesday 3|2 Blitz"]
[Site "Chess.com"]
[Date "2015.02.24"]
[Round "3"]
[White "GMHess"]
[Black "MinhGTrAn"]
[Result "1-0"]
[WhiteElo "2500"]
[BlackElo "2462"]
[TimeControl "180+2"]
[EndTime "11:34:54 PST"]
[Termination "GMHess won by checkmate"]

1. e4 e6 2. d4 d5 3. Nc3 Bb4 4.
exd5 exd5 5. Bd3 Nc6 6. Ne2 Nge7 7.
a3 Bxc3+ 8. bxc3 Bf5 9. Rb1 Rb8 10. Ng3 Bxd3 11. cxd3 O-O 12. O-O Qd6 13. a4 b6 14.
Qb3 Rfe8 15. Ba3 Qg6 16. Bxe7 Nxe7 17. Rbe1 Qxd3 18. Re3 Qc4 19. Qa3 Ng6 20. Rfe1 Qc6 21. Qb3 Nf4 22. Nf5 Ne6 23. g3 Qd7 24. h4 c5 25. Re5 Rbd8 26. h5 g6 27. Nh6+ Kg7 28.
Ng4 f6 29. h6+ Kf7 30. Qd1 Ng5 31. Rxg5 fxg5 32. Ne5+ Rxe5 33. Rxe5 g4 34. Qd2 cxd4 35. Qxd4 Qd6 36. Re3 Re8 37. Qg7# 1-0

[Event "*** Titled Tuesday 3|2 Blitz"]
[Site "Chess.com"]
[Date "2015.02.24"]
[Round "3"]
[White "iFrancisco"]
[Black "BjarkeSahl"]
[Result "1/2-1/2"]
[WhiteElo "2281"]
[BlackElo "2126"]
[TimeControl "180+2"]
[EndTime "11:34:54 PST"]
[Termination "Game drawn by repetition"]

1. e4 c6 2. d4 d5 3. e5 Bf5 4.
Nf3 e6 5. Be2 Nd7 6. O-O f6 7.
c4 fxe5 8. cxd5 cxd5 9. dxe5 Bc5 10. Nd4 Bxd4 11. Qxd4 Ne7 12. f4 O-O 13. Be3 Nc6 14.
Qd2 Qe7 15. Nc3 Rad8 16. Nb5 Nc5 17. Rfd1 Ne4 18. Qe1 a6 19. Nd4 Nxd4 20. Bxd4 g5 21. fxg5 Qxg5 22. Kh1 Rd7 23. Rac1 Rg7 24. Bf3 Bg4 25.
Bxg4 Qxg4 26. Rc2 Rgf7 27. Bg1 Nf2+ 28. Bxf2 Rxf2 29. Rxf2 Rxf2 30. Qxf2 Qxd1+ 31. Qg1 Qe2 32. h3 Qxe5 33. Qb6 d4 34. Qxb7 Qe3 35. Qc8+ Kf7 36.
Qd7+ Kf6 37. Qd8+ Ke5 38. Qc7+ Ke4 39. Qxh7+ Kd5 40. Qd7+ Ke5 41. Qc7+ Kf6 42. Qd8+ Ke5 43. Qc7+ Kf6 44. Qd8+ Ke5 45. Qc7+ 1/2-1/2

[Event "*** Titled Tuesday 3|2 Blitz"]
[Site "Chess.com"]
[Date "2015.02.24"]
[Round "3"]
[White "monika84"]
[Black "FytNob"]
[Result "1-0"]
[WhiteElo "2050"]
[BlackElo "1854"]
[TimeControl "180+2"]
[EndTime "11:35:00 PST"]
[Termination "monika84 won by resignation"]

1. e4 Nc6 2. Nc3 d6 3. d4 Nf6 4. Be3 e5 5. Nf3 Bg4 6. dxe5 Nxe5 7. Be2 Be7 8. Nxe5 Bxe2 9. Nxf7 Bxd1 10. Nxd8 Bxc2 11.
Ne6 Kd7 12. Nxg7 Nxe4 13. Nxe4 Bxe4 14. f3 Bg6 15. Bd4 Rhg8 16. h4 Raf8 17. h5 Bd3 18.
Rd1 Bf6 19. Rxd3 Bxg7 20. Kf2 c6 21. Bc5 Be5 22. Rhd1 Rf6 23. Bd4 Bxd4+ 24. Rxd4 d5 25. g4 h6 26. Kg3 Re8 27. R1d2 Re3 28. R4d3 Rxd3 29. Rxd3 Kd6 30. Re3 d4 31. Re4 Kd5 32. Kf2 c5 33. b3 b5 34. Ke2 c4 35. Re8 d3+ 36. Ke3 Re6+ 37. Rxe6 Kxe6 38. bxc4 bxc4 39. f4 Kd6 40. g5 hxg5 41. h6 gxf4+ 42. Kf2 f3 43. h7 d2 44. h8=Q d1=Q 45. Qd8+ Kc5 46. Qxd1 Kb4 47. Qxf3 a5 48. Qd1 Ka3 49. Qc2 a4 50.
Ke3 c3 51. Kd3 1-0

[Event "*** Titled Tuesday 3|2 Blitz"]
[Site "Chess.com"]
[Date "2015.02.24"]
[Round "3"]
[White "LyonBeast"]
[Black "Inopov"]
[Result "1-0"]
[WhiteElo "2762"]
[BlackElo "2470"]
[TimeControl "180+2"]
[EndTime "11:35:03 PST"]
[Termination "LyonBeast won by resignation"]

1. e4 e6 2. d4 d5 3. Nd2 Be7 4. Bd3 c5 5. dxc5 Nf6 6. Qe2 O-O 7.
Ngf3 a5 8. O-O Na6 9. e5 Nd7 10. c4 Ndxc5 11. Bb1 b6 12. Rd1 Nc7 13. Nd4 Bb7 14.
Nf1 Qd7 15. Ng3 Ba6 16. Qg4 f5 17. exf6 Bxf6 18. Nh5 Bxd4 19. Qxd4 Bxc4 20. Re1 Nb5 21. Qd1 d4 22. Ng3 d3 23. Be3 Nd4 24. b3 Ba6 25. Qg4 Rad8 26. Rd1 e5 27. Qxd7 Rxd7 28. f3 g6 29. Kf2 h5 30. h4 Nf5 31. Bxc5 bxc5 32. Ne4 Rd5 33. a3 Nxh4 34. Ba2 Kg7 35. Rac1 c4 36.
bxc4 Rd4 37. Nc5 Bc8 38. Rxd3 Rxd3 39. Nxd3 e4 40. Ne5 Rf5 41. Nc6 exf3 42. g3 Ng2 43.
Ne7 Re5 44. Nxc8 Re2+ 45. Kxf3 Rxa2 46. c5 g5 47. c6 h4 48. c7 h3 49. Nd6 Rxa3+ 50.
Kg4 Ne3+ 51. Kxg5 1-0

[Event "*** Titled Tuesday 3|2 Blitz"]
[Site "Chess.com"]
[Date "2015.02.24"]
[Round "3"]
[White "GeorgMeier"]
[Black "Alexander_Donchenko"]
[Result "1-0"]
[WhiteElo "2659"]
[BlackElo "2385"]
[TimeControl "180+2"]
[EndTime "11:35:04 PST"]
[Termination "GeorgMeier won by resignation"]

1. Nf3 c5 2. c4 Nc6 3. Nc3 Nf6 4. g3 d5 5. cxd5 Nxd5 6. Bg2 g6 7.
O-O Bg7 8. Nxd5 Qxd5 9. d3 O-O 10.
Be3 Bxb2 11. Rb1 Bf6 12. Qa4 Qd7 13. Qb5 b6 14. Nd2 Nd4 15. Bxd4 Bxd4 16. Bxa8 Qxb5 17. Rxb5 Bd7 18. Rb3 Rxa8 19. Rc1 Rc8 20. e3 Bg7 21. f4 Be6 22. Nc4 h5 23. Kf2 Rb8 24. a4 Bd7 25. a5 b5 26. Ne5 Bxe5 27. fxe5 Be6 28. Rb2 c4 29. dxc4 Rc8 30. Rxb5 Kg7 31. c5 Rc7 32. c6 Bc8 33. e4 Kf8 34. Ke3 e6 35. Kd4 Ke7 36. Rb8 Ba6 37. Rc3 Bc8 38. h4 Ba6 39. Kc5 Bc8 40. Rd3 Ba6 41. Rdd8 f6 42.
Re8+ Kf7 43. Rf8+ Kg7 44. exf6+ 1-0

[Event "*** Titled Tuesday 3|2 Blitz"]
[Site "Chess.com"]
[Date "2015.02.24"]
[Round "3"]
[White "DanielNaroditsky"]
[Black "stepanosinovsky"]
[Result "1-0"]
[WhiteElo "2576"]
[BlackElo "2241"]
[TimeControl "180+2"]
[EndTime "11:35:04 PST"]
[Termination "DanielNaroditsky won by resignation"]

1. e4 e5 2. Nf3 Nc6 3. Bb5 a6 4. Ba4 Nf6 5. O-O Be7 6. Re1 b5 7. Bb3 O-O 8. a4 Bb7 9. d3 Re8 10. Nc3 b4 11. Nd5 h6 12. a5 Bf8 13.
Bd2 Rb8 14. Ra4 Bc8 15. Qa1 Bc5 16. Qa2 d6 17. c3 bxc3 18. bxc3 Be6 19. Bc4 Bxd5 20.
exd5 Ne7 21. h3 Qc8 22. Bc1 Qd7 23. Nd2 Nexd5 24. Bxd5 Nxd5 25. Ne4 Ba7 26. Qc4 Qb5 27. Kh2 f5 28. Qa2 fxe4 29. dxe4 Rf8 30. f3 Kh7 31. exd5 Qb3 32. Qa1 Qxd5 33. Rg4 Rf7 34. c4 Qd3 35. Qa2 Rb1 36. c5 Rf5 37. Re3 Qb5 38.
Qc2 g6 39. cxd6 Bxe3 40. Qxc7+ Kh8 41. Bxe3 Qb7 42. Qd8+ Kh7 43. d7 Rd1 44. Qe7+ Kh8 45. d8=Q+ Rxd8 46. Qxb7 1-0

[Event "*** Titled Tuesday 3|2 Blitz"]
[Site "Chess.com"]
[Date "2015.02.24"]
[Round "3"]
[White "Tilicheev_Viacheslav"]
[Black "gumersindo"]
[Result "1-0"]
[WhiteElo "2540"]
[BlackElo "2106"]
[TimeControl "180+2"]
[EndTime "11:35:20 PST"]
[Termination "Tilicheev_Viacheslav won by resignation"]

1. e4 e5 2. Nf3 Nc6 3. Nc3 Nf6 4.
Nxe5 Nxe5 5. d4 Ng6 6. e5 Ng8 7. Bc4 d5 8. Bxd5 N8e7 9. Bb3 Qd7 10. Qf3 Qf5 11. Nb5 Qxf3 12. gxf3 Kd8 13. Bxf7 Bd7 14. Nc3 Be8 15. Bc4 c6 16. Be3 Nf5 17. O-O-O Bb4 18. Ne4 Kc7 19. c3 Be7 20. Ng3 Ngh4 21. Nxf5 Nxf5 22.
f4 a5 23. Rdg1 Bg6 24. Kd2 Rhf8 25. Bd3 Rad8 26. h4 Nxh4 27. Bxg6 Nf3+ 28. Kd3 Nxg1 29. Be4 g5 30. f5 Nf3 31. Bxf3 Rxf5 32. Rxh7 Rxf3 33.
Rxe7+ Kb8 34. Ke4 Rdf8 35. Rg7 Kc8 36. Rxg5 Rxf2 37. Bxf2 Rxf2 38. Rg8+ Kc7 39. Rg7+ Kc8 40. Kd3 Rxb2 41. Kc4 Rxa2 42. Kc5 Rc2 43. Kd6 b5 44. e6 Rxc3 45. e7 Re3 46. Rg8+ Kb7 47. e8=Q Rxe8 48.
Rxe8 a4 49. Kc5 a3 50. Kb4 a2 51.
Re1 c5+ 52. dxc5 1-0

[Event "*** Titled Tuesday 3|2 Blitz"]
[Site "Chess.com"]
[Date "2015.02.24"]
[Round "3"]
[White "Nouki"]
[Black "petrpalachev"]
[Result "1-0"]
[WhiteElo "2650"]
[BlackElo "2402"]
[TimeControl "180+2"]
[EndTime "11:35:23 PST"]
[Termination "Nouki won by resignation"]

1. d4 Nf6 2. c4 e6 3. Nc3 Bb4 4.
g3 c5 5. Nf3 cxd4 6. Nxd4 Ne4 7.
Bd2 Nxd2 8. Qxd2 O-O 9. Bg2 Nc6 10. O-O Qa5 11. Nb3 Bxc3 12. bxc3 Qc7 13. c5 b6 14. Rfd1 bxc5 15. Nxc5 d5 16. e4 Ne7 17. Qe3 dxe4 18. Bxe4 Rb8 19. c4 e5 20. Rac1 Rb6 21. Nd3 f6 22. c5 Rb8 23. c6 Nf5 24. Qc5 Nd4 25.
Bd5+ Be6 26. Bxe6+ Nxe6 27. Qc4 Qf7 28. Nc5 Nxc5 29.
Qxc5 Qxa2 30. c7 Rbc8 31. Rd7 Qe6 32. Rcd1 h5 33. Rd8 Re8 34. Qb5 Rf8 35. Rxf8+ Kxf8 36. Rd8+ Ke7 37. Qc5+ Kf7 38. Qf8+ Kg6 39. Rxc8 Qd5 40. Qe8+ Kg5 41. Rd8 Qe4 42. h4+ Kg4 43. c8=Q+ f5 44. Qg6+ Kh3 45. Qcxf5+ 1-0

[Event "*** Titled Tuesday 3|2 Blitz"]
[Site "Chess.com"]
[Date "2015.02.24"]
[Round "3"]
[White "juniortay"]
[Black "ViennaRocket"]
[Result "1-0"]
[WhiteElo "2218"]
[BlackElo "2190"]
[TimeControl "180+2"]
[EndTime "11:35:33 PST"]
[Termination "juniortay won by resignation"]

1. e4 a6 2. a4 e6 3. d4 d5 4. Nc3 Bb4 5. e5 c5 6. Nf3 Nc6 7. Be2 Nge7 8. O-O cxd4 9. Nxd4 Nxe5 10. f4 N5c6 11. Be3 Nxd4 12. Bxd4 Nf5 13. Kh1 O-O 14.
Bg4 Nxd4 15. Qxd4 Qd6 16. f5 Bxc3 17. Qxc3 e5 18. Rad1 Bd7 19. Qh3 f6 20. Rf3 Rac8 21. c3 Rc4 22. b3 Re4 23. Rfd3 d4 24. cxd4 Rxd4 25. Rxd4 exd4 26. Qd3 Bc6 27. Qxd4 Qxd4 28. Rxd4 Re8 29. Kg1 Re3 30. Bh5 g6 31. fxg6 hxg6 32. Bxg6 Rxb3 33. Be4 Bxe4 34. Rxe4 Kf7 35. a5 Ra3 36.
Rb4 Rxa5 37. Rxb7+ Kg6 38. h4 Ra1+ 39. Kh2 a5 40.
Ra7 a4 41. Kg3 a3 42. Kg4 a2 43. Ra6 Kf7 44. h5 f5+ 45. Kg5 f4 46. h6 f3 47. h7 Kg7 48. Ra7+ Kh8 49. Kg6 1-0

[Event "*** Titled Tuesday 3|2 Blitz"]
[Site "Chess.com"]
[Date "2015.02.24"]
[Round "3"]
[White "rhungaski"]
[Black "lukas_111111"]
[Result "1-0"]
[WhiteElo "2431"]
[BlackElo "2131"]
[TimeControl "180+2"]
[EndTime "11:35:38 PST"]
[Termination "rhungaski won by resignation"]

1. d4 Nf6 2. c4 g6 3. Nc3 d5 4. cxd5 Nxd5 5. e4 Nxc3 6. bxc3 Bg7 7. Be3 c5 8. Qd2 O-O 9. Nf3 Qa5 10. Rb1 a6 11.
Rc1 Rd8 12. d5 e6 13. c4 Qxd2+ 14. Nxd2 b6 15. Rb1 Nd7 16. a4 Rb8 17. Be2 Bb7 18. O-O a5 19. Rfc1 Re8 20. Kf1 Rbd8 21. Bf4 Rc8 22. Rb3 f5 23. dxe6 Rxe6 24. exf5 Bxg2+ 25. Kxg2 Rxe2 26. fxg6 hxg6 27. Rd3 Bd4 28. Bg3 Rf8 29.
Nf3 Ne5 30. Bxe5 Bxe5 31. Re3 Rxe3 32. fxe3 Bc7 33. Rd1 Rd8 34. Rxd8+ Bxd8 35. Ne5 Kg7 36.
Ng4 Kf7 37. Kf3 Ke6 38. Ke4 Bc7 39. h3 Bg3 40. Nh6 Be5 41. Ng4 Bg3 42. Kf3 Bc7 43. Nf2 Be5 44. Ke4 Bg3 45. Nd3 g5 46.
Nc1 Be5 47. Ne2 Bc7 48. Nc3 Be5 49. Nd5 Bb2 50. Nxb6 Kf6 51. Nd7+ Kg6 52. Nxc5 Kh5 53. Kf5 Kh4 54. Ne6 Bc1 55. e4 Kxh3 56. Nxg5+ Kg3 57.
e5 1-0

[Event "*** Titled Tuesday 3|2 Blitz"]
[Site "Chess.com"]
[Date "2015.02.24"]
[Round "3"]
[White "Zvonokchess"]
[Black "SuPeR_Fm"]
[Result "1-0"]
[WhiteElo "2498"]
[BlackElo "2333"]
[TimeControl "180+2"]
[EndTime "11:35:48 PST"]
[Termination "Zvonokchess won by resignation"]

1. e4 e6 2. d4 d5 3. Nd2 Nf6 4. e5 Ne4 5. Nxe4 dxe4 6. Bc4 a6 7.
a4 b6 8. d5 Bb7 9. dxe6 Qxd1+ 10. Kxd1 fxe6 11. Bxe6 Nc6 12. Bf4 Rd8+ 13. Kc1 Nd4 14.
Bh3 Bc5 15. Be3 O-O 16. Bg4 Rde8 17. Nh3 Rxe5 18. b4 h5 19. Bd1 Bxb4 20. Bxd4 Ref5 21. Be3 a5 22. Be2 Bc5 23. Rd1 Bc8 24. Kb2 Re5 25. Nf4 Ref5 26. g3 h4 27. Bc4+ Kh7 28. Bd5 Bxe3 29.
fxe3 Re5 30. Rd4 Rfe8 31. Rf1 R8e7 32. Bc6 Ba6 33. c4 Rc5 34. Bxe4+ Kh6 35. Nd5 Re5 36. Bd3 c6 37. Nf4 Rxe3 38. Rd6+ g6 39. Rxg6+ Kh7 40.
Rxc6+ Kg7 41. Rxc5 bxc5 42. Kc3 hxg3 43. hxg3 Rxg3 44.
Ne6+ Kh6 45. Rh1+ 1-0

[Event "*** Titled Tuesday 3|2 Blitz"]
[Site "Chess.com"]
[Date "2015.02.24"]
[Round "3"]
[White "IMRosen"]
[Black "megarompa"]
[Result "1/2-1/2"]
[WhiteElo "2056"]
[BlackElo "2651"]
[TimeControl "180+2"]
[EndTime "11:35:52 PST"]
[Termination "Game drawn by repetition"]

1. c4 e5 2. Nc3 Nf6 3. Nf3 Nc6 4.
a3 d5 5. cxd5 Nxd5 6. Qc2 Be7 7.
e3 O-O 8. Nxd5 Qxd5 9. Bd3 g6 10.
Be4 Qd6 11. b4 f5 12. Bxc6 bxc6 13. Bb2 Bf6 14. O-O a5 15. Rfc1 axb4 16. axb4 Rxa1 17. Rxa1 Be6 18. Bc3 Bd5 19. Ra6 Bxf3 20. gxf3 Qd5 21. Kg2 e4 22. fxe4 fxe4 23. Bxf6 Rxf6 24. Qa2 Kg7 25.
Qxd5 cxd5 26. Ra5 c6 27. Rc5 Rd6 28. b5 cxb5 29. Rxb5 Kf6 30. Kf1 Ke5 31. Ke2 g5 32.
Rb7 Rh6 33. Rg7 Rh5 34. Kf1 Kf6 35. Rd7 Rxh2 36. Rxd5 Rh1+ 37. Kg2 Ra1 38. d3 exd3 39. Rxd3 h5 40. Rb3 Ra5 41. Rb4 Kf5 42. Kg3 h4+ 43. Kf3 Rc5 44. Ra4 Rc1 45. Ra5+ Kg6 46. Ra8 Rc5 47.
Rg8+ Kf6 48. Rf8+ Kg7 49. Rb8 Rf5+ 50. Kg2 Kg6 51. Rg8+ Kh5 52. Rh8+ Kg4 53. Rb8 h3+ 54. Kg1 Rd5 55. Rf8 Rd1+ 56. Kh2 Rf1 57. Rf7 Kh4 58. Rh7+ Kg4 59. Rf7 Kh4 60. Rh7+ Kg4 61. Rf7 Kh4 1/2-1/2

[Event "*** Titled Tuesday 3|2 Blitz"]
[Site "Chess.com"]
[Date "2015.02.24"]
[Round "3"]
[White "Tomsel"]
[Black "xtremeungar"]
[Result "0-1"]
[WhiteElo "2279"]
[BlackElo "2208"]
[TimeControl "180+2"]
[EndTime "11:35:53 PST"]
[Termination "xtremeungar won by resignation"]

1. d4 Nf6 2. Bf4 b6 3. e3 Bb7 4.
Nf3 e6 5. c3 Bd6 6. Bg3 O-O 7.
Bd3 Ne4 8. Nbd2 f5 9. Qc2 Bxg3 10.
hxg3 d5 11. Ne5 Nd7 12. Ndf3 Ndf6 13. Rh4 c5 14. g4 Rc8 15. O-O-O cxd4 16. exd4 b5 17.
Bxb5 Qa5 18. Qe2 Qxa2 19. Qc2 Qa5 20. Qa4 Qxa4 21. Bxa4 Nxf2 22. Rd2 N2xg4 23. Nxg4 fxg4 24. Ne5 h5 25. Rh1 Rc7 26. Re2 Ne4 27. Re3 Rf5 28.
Be8 Nf6 29. Bg6 Rg5 30. Bc2 Ne4 31. Rf1 Rf5 32. Rh1 Rc8 33. Nd3 Rcf8 34. Nc5 Rf1+ 35. Rxf1 Rxf1+ 36. Bd1 Nxc5 37. dxc5 Kf7 38. Kd2 Kf6 39. Ba4 e5 40. c6 Bc8 41. c7 h4 42.
Bc6 Ke6 43. c4 d4 44. Re4 Kd6 45. Bd5 Rf2+ 46. Kc1 Rxg2 47. Re1 Rf2 48. Rh1 h3 49. Rg1 Kxc7 50. Kb1 Kd6 51. Ka2 Bf5 52. Kb3 e4 53. Kb4 Ke5 54. Ba8 Rxb2+ 55. Kc5 d3 56. Re1 d2 57. Rd1 e3 58. Ra1 e2 59. Ra5 d1=Q 60.
Kc6+ Kf4 0-1

[Event "*** Titled Tuesday 3|2 Blitz"]
[Site "Chess.com"]
[Date "2015.02.24"]
[Round "3"]
[White "wonderfultime"]
[Black "kesarev"]
[Result "0-1"]
[WhiteElo "2550"]
[BlackElo "2262"]
[TimeControl "180+2"]
[EndTime "11:35:58 PST"]
[Termination "kesarev won by resignation"]

1. d4 g6 2. Nf3 Bg7 3. g3 Nf6 4.
Bg2 O-O 5. O-O d6 6. c4 Nc6 7. d5 Na5 8. Nfd2 c5 9. Nc3 e5 10. Qc2 Ng4 11. h3 Nh6 12. b3 f5 13. f4 b6 14. Bb2 Nb7 15. Rae1 Bd7 16. e3 a6 17. Nd1 Qc7 18. Nf2 Rae8 19. Nd3 Nf7 20. Kh2 b5 21. e4 fxe4 22. Nxe4 Nbd8 23. fxe5 Nxe5 24. Rxf8+ Kxf8 25. Ng5 Bf5 26. Bxe5 Bxe5 27. Qd2 Bf6 28. Rxe8+ Kxe8 29. Nf2 Qe7 30. Nge4 Be5 31. Kh1 h5 32. cxb5 axb5 33. Qe2 b4 34. Nd3 Nf7 35. Nxe5 Nxe5 36. Nd2 Kf7 37. Qf1 Qf6 38. Qa6 Bd3 39. Qb7+ Qe7 40. Qb8 Kg7 41. Kh2 Kh7 42. Qb6 Kg7 43.
Qb8 Nf7 44. Nf3 Be2 45. Nd2 Qe3 46. Ne4 Bf3 47. Nxd6 Bxg2 48. Qc7 Bxd5 0-1

[Event "*** Titled Tuesday 3|2 Blitz"]
[Site "Chess.com"]
[Date "2015.02.24"]
[Round "3"]
[White "alturas_pacificas"]
[Black "MattyDPerrine"]
[Result "0-1"]
[WhiteElo "2080"]
[BlackElo "2057"]
[TimeControl "180+2"]
[EndTime "11:35:59 PST"]
[Termination "MattyDPerrine won by resignation"]

1. d4 Nf6 2. Bf4 c5 3. e3 e6 4. c3 b6 5. Nf3 Bb7 6. Be2 Be7 7. O-O O-O 8. Nbd2 Nc6 9. h3 a6 10. Nc4 d5 11. Nce5 Ne8 12. Bd3 f6 13. Nxc6 Bxc6 14.
Qb1 g6 15. e4 Bb5 16. a4 Bxd3 17. Qxd3 c4 18. Qc2 Qd7 19. Rfe1 Ng7 20. exd5 exd5 21. Bh6 Rfe8 22. Bxg7 Kxg7 23. Re2 Bd6 24. Rae1 Kf7 25. Rxe8 Rxe8 26. Rxe8 Qxe8 27. Kf1 b5 28. axb5 axb5 29.
h4 Qe4 30. Qxe4 dxe4 31. Nd2 f5 32. b3 Bf4 33. Nb1 cxb3 34. Ke2 Bc1 35. Kd1 Bb2 36. Kd2 Ke6 37. g3 Kd5 38. Ke3 Kc4 39. Kd2 h6 40.
Ke3 Bxc3 41. d5 Bb4 42. Kf4 Kxd5 43. h5 Bd6+ 44. Ke3 g5 45. f3 exf3 46. Kxf3 Bb4 47.
g4 fxg4+ 48. Kxg4 Ke4 49. Kg3 Kf5 50. Kh3 g4+ 51. Kh4 b2 52. Kg3 Kg5 53. Kf2 Kxh5 54.
Ke2 g3 55. Kd3 Kg4 56. Kc2 h5 57. Kxb2 h4 58. Kb3 Bd6 59. Kc3 h3 60. Kd4 Bf4 61. Nd2 Bxd2 0-1

[Event "*** Titled Tuesday 3|2 Blitz"]
[Site "Chess.com"]
[Date "2015.02.24"]
[Round "3"]
[White "Gevorg_Harutjunyan"]
[Black "Cryptochess"]
[Result "1-0"]
[WhiteElo "2518"]
[BlackElo "2389"]
[TimeControl "180+2"]
[EndTime "11:36:14 PST"]
[Termination "Gevorg_Harutjunyan won by resignation"]

1. e4 d6 2. d4 Nf6 3. Nc3 g6 4.
Nf3 Bg7 5. Bc4 Nc6 6. d5 Nb8 7. e5 dxe5 8. Nxe5 O-O 9. Qe2 Nbd7 10. Nxd7 Bxd7 11. Bf4 c6 12. O-O-O cxd5 13. Nxd5 Nxd5 14. Bxd5 Qb6 15. Be5 Bf5 16. Bxg7 Kxg7 17. g4 Be6 18. Qe5+ Kg8 19. g5 Bxd5 20. Rxd5 Qxf2 21. Qxe7 Rac8 22.
Rd2 Qf4 23. Qf6 Rxc2+ 24. Kxc2 Qe4+ 25. Kb3 Qxh1 26. Rd8 Qxh2 27. Rxf8+ Kxf8 28. Qd8+ Kg7 29. Qd4+ Kf8 30. Qxa7 Qg3+ 31. Ka4 Qf4+ 32. b4 Qxg5 33. Qxb7 Qd2 34. Qc8+ Kg7 35. Qc4 h5 36. b5 Qd6 37.
Ka5 Qa3+ 38. Kb6 h4 39. Qd4+ Kg8 40. Qxh4 Qxa2 41. Qd8+ Kg7 42. Qd4+ Kg8 43. Kb7 Qg2+ 44. Ka7 Qa2+ 45. Kb8 Qh2+ 46. Kc8 Qh3+ 47. Qd7 Qc3+ 48. Qc6 Qh3+ 49. Qd7 Qc3+ 50. Kb7 g5 51. Qd8+ Kh7 52. Qxg5 Qd4 53. Qf5+ Kg7 54. b6 f6 55. Qe6 Qd8 56. Kc6 Qa8+ 57. Kb5 Kg6 58. Qg4+ Kf7 59. Qd7+ Kg6 60. b7 Qa7 61. Qc8 Qd4 62. Qg8+ Kf5 63. b8=Q Qb2+ 64. Ka6 Qa3+ 65. Kb7 Qb4+ 66. Kc8 Qc4+ 67.
Qxc4 1-0

[Event "*** Titled Tuesday 3|2 Blitz"]
[Site "Chess.com"]
[Date "2015.02.24"]
[Round "3"]
[White "jcibarra"]
[Black "lorcho"]
[Result "1/2-1/2"]
[WhiteElo "2470"]
[BlackElo "2379"]
[TimeControl "180+2"]
[EndTime "11:36:18 PST"]
[Termination "Game drawn by repetition"]

1. e4 c6 2. Nc3 d5 3. Nf3 dxe4 4.
Nxe4 Nf6 5. Qe2 Nxe4 6. Qxe4 Nd7 7. Bc4 Nf6 8. Ne5 e6 9. Qe2 Bd6 10. d4 O-O 11. O-O c5 12. dxc5 Bxc5 13. Bg5 h6 14. Bh4 Be7 15. Rad1 Qc7 16. Rfe1 a6 17. a4 b6 18. b3 a5 19. Rd3 Bb7 20. Nd7 Qc6 21.
Qf1 Rfd8 22. Nxf6+ Bxf6 23. Bxf6 Rxd3 24. Bxd3 gxf6 25.
Be4 Qc7 26. Bxb7 Qxb7 27. Qd3 Qc7 28. Rd1 Rc8 29. c4 Qe5 30. Qd6 Qe2 31. h3 Rc5 32.
Qb8+ Kg7 33. Rd8 Rg5 34. Rg8+ Kh7 35. Rh8+ Kg6 36. Qxb6 Qe1+ 37. Kh2 Qe5+ 38. g3 Rf5 39. Qa7 Kg7 40. Rd8 Qe2 41. Kg2 Qe4+ 42. Kg1 Qe1+ 43. Kg2 Qe4+ 44. Kh2 Qe2 45. Kg2 Qe4+ 46. Kg1 Qe1+ 47.
Kg2 Qe4+ 48. Kg1 Qe1+ 49. Kg2 Qe4+ 50. Kg1 Qe1+ 51. Kg2 Qe4+ 52. Kh2 Qe2 53. Kg1 Qe1+ 54. Kg2 Qe4+ 1/2-1/2

[Event "*** Titled Tuesday 3|2 Blitz"]
[Site "Chess.com"]
[Date "2015.02.24"]
[Round "3"]
[White "AlexanderL"]
[Black "bugsbunny444"]
[Result "0-1"]
[WhiteElo "2504"]
[BlackElo "2340"]
[TimeControl "180+2"]
[EndTime "11:36:22 PST"]
[Termination "bugsbunny444 won by resignation"]

1. b3 d5 2. Bb2 Nf6 3. e3 e6 4.
Nf3 Be7 5. g3 O-O 6. Bg2 b6 7.
O-O Bb7 8. c4 c5 9. cxd5 Nxd5 10. d4 Nd7 11. Qe2 Rc8 12. Rd1 Qc7 13. Na3 cxd4 14.
Nxd4 Bxa3 15. Nb5 Ba6 16. Rxd5 exd5 17. Bxa3 Qc6 18. Nxa7 Bxe2 19. Nxc6 Rxc6 20. Bxd5 Rc2 21. Bxf8 Kxf8 22. a4 Rd2 23. e4 Rd1+ 24. Rxd1 Bxd1 25. f4 Nc5 26. b4 Nxa4 27. Kf2 Nc3 28. Bc6 Ba4 29. Bb7 Ke7 30. Ke3 Na2 31. e5 Nxb4 32. Be4 h6 33. f5 Bc6 34. Bb1 Bd7 35. g4 Na6 36. h4 Nc5 37. g5 hxg5 38. hxg5 Kd8 39. Kd4 Bc6 40. Ke3 Ke8 41. Kd4 Kf8 42. Ke3 Nd7 43. Kd4 Nc5 44. Ba2 Bd7 45. Bb1 Bc6 46.
Ba2 Be4 47. f6 Bf5 48. fxg7+ Kxg7 49. Bd5 Be6 50. Bf3 Kg6 51. Kc3 Kxg5 52. Kb4 Kf4 53. Bh1 Bd7 54. Bd5 Ne6 0-1